 Dungeon Sprint DCSS version 0.26-a0-651-gb41185065b (webtiles) character file.

Game seed: 3686580433073830529

7 Apogee the Magician (level 1, -2/10 HPs)
             Began as a Deep Elf Earth Elementalist on Oct 5, 2020.
             Was an Initiate of Sif Muna.
             Slain by a draconian (12 damage)
             ... in the Dungeon (Sprint V: "Ziggurat Sprint").
             The game lasted 00:01:46 (102 turns).

Apogee the Magician (Deep Elf Earth Elementalist)    Turns: 102, Time: 00:01:47

Health: -2/10      AC:  2    Str:  5    XL:     1   Next: 91%
Magic:  1/8        EV: 12    Int: 19    God:    Sif Muna [......]
Gold:   0          SH:  6    Dex: 15    Spells: 8/9 levels left

rFire    . . .     SeeInvis .   y - +5 quick blade
rCold    . . .     Faith    .   a - +3 buckler
rNeg     . . .     Spirit   .   u - +0 robe
rPois    .         Reflect  .   (no helmet)
rElec    .         Harm     .   (no cloak)
rCorr    .         Rampage  .   (no gloves)
MR       .....     NoTele   +   (no boots)
Stlth    ++........             (no amulet)
HPRegen  0.03/turn              (no ring)
MPRegen  0.11/turn              (no ring)

@: no status effects
A: no striking features
a: Renounce Religion


You were in the Dungeon.
You worshipped Sif Muna.
Sif Muna was noncommittal.
You visited 1 branch

Inventory:

Hand Weapons
 y - a +5 quick blade (weapon)
   (You found it in the Dungeon)
 z - the +12 glaive of Prune {vorpal}
   (You found it in the Dungeon)

   It inflicts extra damage upon your enemies.
 H - the +7 Singing Sword {vorpal, sonic wave}
   (You found it in the Dungeon)

   It inflicts extra damage upon your enemies.
 J - the +6 Majin-Bo {vamp, MP+6 Int+6}
   (You found it in the Dungeon)

   It inflicts no extra harm, but heals its wielder when it wounds a living foe.
   It affects your intelligence (+6).
   It affects your magic capacity (+6).
Missiles
 b - 24 stones (quivered)
Armour
 a - a +3 buckler (worn)
   (You found it in the Dungeon)
 u - a +0 robe (worn)
Jewellery
 w - an uncursed ring of flight
   (You found it in the Dungeon)
Wands
 c - a wand of disintegration (7)
   (You found it in the Dungeon)
 d - a wand of iceblast (7)
   (You found it in the Dungeon)
 x - a wand of acid (7)
   (You found it in the Dungeon)
Scrolls
 i - 4 scrolls of blinking
 p - 4 scrolls of amnesia
 q - 7 scrolls of fog
 r - 5 scrolls of identify {@r1}
 s - 5 scrolls of remove curse {@r2}
 t - 2 scrolls of fear
Potions
 e - 10 potions of heal wounds {@q2}
 f - 6 potions of haste {@q3}
 g - 7 potions of magic
 h - 3 potions of berserk rage
 j - 2 potions of brilliance
 k - 2 potions of invisibility
 l - 4 potions of resistance
 m - a potion of experience
 n - 5 potions of stabbing
 o - 5 potions of might
 v - 10 potions of curing {@q1}


   Skills:
 - Level 2.4 Dodging
 - Level 2.4 Stealth
 + Level 4.6 Spellcasting
   Level 1.1 Transmutations
 + Level 4.4 Earth Magic


You had 8 spell levels left.
You knew the following spells:

 Your Spells              Type           Power        Failure   Level
a - Sandblast             Erth           ###...       3%          1

Your spell library contained the following spells:

 Spells                   Type           Power        Failure   Level
 Passwall                 Tmut/Erth      ###.....     11%         2
 Stone Arrow              Conj/Erth      ##....       26%         3
 Petrify                  Tmut/Erth      ###.....     56%         4
 Lee's Rapid Deconstruct  Erth           ###.......   67%         5


Dungeon Overview and Level Annotations

Branches:
Dungeon (1/1)

Altars:
Ashenzari
Cheibriados
Dithmenos
Elyvilon
Fedhas
Gozag
Hepliaklqana
Kikubaaqudgha
Makhleb
Nemelex Xobeh
Okawaru
Qazlal
Ru
Sif Muna
Trog
Uskayaw
Vehumet
Wu Jian
Xom
Yredelemnul
Zin
The Shining One
Beogh
Jiyva
Lugonu

Annotations:
D 1 transporter


Message History

Drop what? 29/52 slots (_ for help) (? for menu, Esc to quit)
You drop the +15 Maxwell's patent armour {-Cast -Tele rElec MR+ rCorr}.
You drop the +18 shield of the Gong {rElec rN+ MR+ EV-5}.
Items here: )))))))))))).
There is a transporter here.
Okay, then.
Welcome to arena 1.
You enter the transporter and appear at another place.
A white imp and a zombie come into view.
Found the +12 glaive of Prune {vorpal} and a +6 ring of strength.
Aim: a giant cockroach zombie The blast of sand misses the giant cockroach zombie.
b - 29 stones
Aim: a giant cockroach zombie The blast of sand hits the giant cockroach zombie!
You destroy the giant cockroach zombie!
Sif Muna accepts your kill.
b - 28 stones The white imp gestures at you.
The puff of frost misses you.
Aim: a white imp The blast of sand hits the white imp!
You kill the white imp!
Sif Muna accepts your kill.
Your Spellcasting skill increases to level 4!
Your Earth Magic skill increases to level 4!
b - 27 stones You see here a +6 ring of strength.
z - the +12 glaive of Prune {vorpal}
There is a transporter here.
Welcome to arena 2.
You enter the transporter and appear at another place. 3 draconians come into view.
The draconian roars!
Found three items.
Okay, then.
You can't see any susceptible monsters within range! (Use Z to cast anyway.)
The draconian roars! x2
Aim: a draconian The blast of sand hits the draconian but does no damage.
b - 26 stones
Aim: a draconian The blast of sand hits the draconian.
b - 25 stones
Aim: a draconian (lightly wounded)
The blast of sand hits the draconian.
b - 24 stones You block the draconian's attack.
The draconian hits you!
Ouch! That really hurt!
You die...

▓▓▓▓▓▓▓▓▓▓▓▓▓
▓.8©8.▓.8©8.▓
▓.[[}.▓.....▓
▓.....▓.=...▓
▓.....▓.....▓
▓.....▓.....▓
▓..ddd▓..©..▓
▓..©@.▓▓▓▓▓▓▓
▓▓▓▓▓▓▓


You could see 3 draconians.

Vanquished Creatures
  A white imp (D)
  A giant cockroach zombie (D)
2 creatures vanquished.

Notes
Turn   | Place    | Note
-------+----------+-------------------------------------------
     0 | D        | Apogee the Deep Elf Earth Elementalist began the quest for
                  | the Orb.
     0 | D        | Reached XP level 1. HP: 10/10 MP: 6/6
     0 | D        | Found a blossoming altar of Fedhas.
     1 | D        | Found the +6 Majin-Bo {vamp, MP+6 Int+6}
     1 | D        | Found the +9 heavy crossbow "Sniper" {vorpal, Acc+∞ SInv}
     1 | D        | Found the +10 dark maul {vorpal}
     1 | D        | Found the +15 Maxwell's patent armour {-Cast -Tele rElec
                  | MR+ rCorr}
     1 | D        | Found the +18 shield of the Gong {rElec rN+ MR+ EV-5}
     1 | D        | Found the cursed +14 obsidian axe {vorpal, +Fly SInv
                  | *Curse}
     1 | D        | Found the +7 great mace "Firestarter" {inner flame, rF++}
     1 | D        | Found the +6 shillelagh "Devastator" {shatter}
     1 | D        | Found the +11 plutonium sword {*Contam Stlth-}
     1 | D        | Found the +8 lance "Wyrmbane" {slay drac, rPois rF+ rC+
                  | AC+3}
     1 | D        | Found the +9 sword of Zonguldrok {reap}
     1 | D        | Found the cursed +13 scythe of Curses {drain, *Curse}
     1 | D        | Found the +0 sword of Power
     1 | D        | Found the +7 mace of Variability {chain chaos}
     1 | D        | Found the +7 Singing Sword {vorpal, sonic wave}
     1 | D        | Found the +8 storm bow {elec, penet}
     6 | D        | Found a shimmering blue altar of Sif Muna.
     6 | D        | Found a sacrificial altar of Ru.
     6 | D        | Found a bloodstained altar of Trog.
     6 | D        | Found a stormy altar of Qazlal.
     6 | D        | Found an iron altar of Okawaru.
     6 | D        | Found a sparkling altar of Nemelex Xobeh.
     8 | D        | Found a transporter.
     8 | D        | Found an ancient bone altar of Kikubaaqudgha.
     8 | D        | Found a viscous altar of Jiyva.
     8 | D        | Found a corrupted altar of Lugonu.
     8 | D        | Found a hazy altar of Hepliaklqana.
     8 | D        | Found a burning altar of Makhleb.
     8 | D        | Found an opulent altar of Gozag.
    50 | D        | Became a worshipper of Sif Muna the Loreminder
    84 | D        | Entered arena 2.
    84 | D        | Found a transporter.
    85 | D        | Found the +12 glaive of Prune {vorpal}
    98 | D        | Entered arena 3.
    98 | D        | Noticed a draconian
    98 | D        | Noticed a draconian
    98 | D        | Noticed a draconian
    98 | D        | Found a transporter.
   102 | D        | Slain by a draconian

Illustrated notes

Levels and vault maps discovered:
D:        sprint_v [room_start, room_1, room_2, room_3, room_4, room_5, room_6,
          room_7, room_8, room_9, room_10, room_11, room_12, room_13, room_14,
          room_15, room_16, room_17, room_18, room_19, room_20, room_21,
          room_22, room_23, room_24, room_25, room_26, room_27]

Skill      XL: |  1 |
---------------+----+-----
Spellcasting   | 4 |  4.6
Earth Magic    | 4 |  4.4
Dodging        | |  2.4
Stealth        | |  2.4
Transmutations | |  1.1

Action                   || total
-------------------------++-------
 Cast: Sandblast         ||     6
Dodge: Dodged            ||     1
Block: Buckler           ||     1

Table legend: (Time is in decaauts)
 A = Elapsed time spent in this place.
 B = Non-inter-level travel time spent in this place.
 C = Inter-level travel time spent in this place.
 D = Time resting spent in this place.
 E = Time spent auto-exploring this place.
 F = Levels seen in this place.
 G = Mean time per level.
                   A        B        C        D        E       F      G
               +--------+--------+--------+--------+--------+-----+--------+
         Total |    101 |     98 |      3 |      0 |      0 |   1 |  101.0 |
       Dungeon |    101 |     98 |      3 |      0 |      0 |   1 |  101.0 |
               +--------+--------+--------+--------+--------+-----+--------+

Top non-repeatable levels by time:
       D: 101 daAuts
